NCAA
MICHIGAN STATE SPARTANS @ NORTHWESTERN WILDCATS
04/06/2028
 
TOP OF THE 1ST
Michigan State Spartans batting - Pitching for Northwestern Wildcats : RHP Harry Robinson
Pitching: RHP Harry Robinson
Batting: SHB Joe Emery 0-0: Ball
1-0: Ground out 6-3 (Groundball, 6)
Batting: LHB Norberto Garza 0-0: Ball
1-0: Ball
2-0: Foul Ball, location: 2F
2-1: Ball
3-1: Foul Ball, location: 2F
3-2: Foul Ball, location: 2F
3-2: Strikes out swinging
Batting: LHB Cliff Mills 0-0: Swinging Strike
0-1: Ball
1-1: Ground out 4-3 (Groundball, 34)
Top of the 1st over - 0 run(s), 0 hit(s), 0 error(s), 0 left on base; Michigan State 0 - Northwestern 0
BOTTOM OF THE 1ST
Northwestern Wildcats batting - Pitching for Michigan State Spartans : RHP Adrian Cooper
Pitching: RHP Adrian Cooper
Batting: RHB Brandon Sharp 0-0: Bunt for hit - play at first, batter OUT! 5-3
Batting: RHB Paul French 0-0: Ball
1-0: Ball
2-0: Swinging Strike
2-1: Foul Ball, location: 2F
2-2: Foul Ball, location: 2F
2-2: Ball
3-2: Base on Balls
Batting: RHB Jim Martin 0-0: Ball
1-0: Foul Ball, location: 2F
1-1: Called Strike
1-2: Strikes out swinging
Batting: RHB Lynn Johnson 0-0: Ball
1-0: Ball
2-0: Foul Ball, location: 2F
2-1: SINGLE (Flyball, 8LS)
Paul French to second
Runner from 2nd tries for 3rd, SAFE, throw made to third
Batting: RHB Artie Rivers 0-0: Fly out, F9 (Flyball, 9)
Bottom of the 1st over - 0 run(s), 1 hit(s), 0 error(s), 2 left on base; Michigan State 0 - Northwestern 0
TOP OF THE 2ND
Michigan State Spartans batting - Pitching for Northwestern Wildcats : RHP Harry Robinson
Batting: LHB Aaron Aguirre 0-0: SINGLE (Flyball, 9LM)
Batting: LHB Gabriel Estrada 0-0: Called Strike
0-1: Foul Ball, location: 2F
0-2: Ball
1-2: Ball
2-2: Foul Ball, location: 2F
2-2: SINGLE (Line Drive, 9S)
Aaron Aguirre to second
Batting: LHB Chris Gibson 0-0: Called Strike
0-1: Fly out, F7 (Flyball, 78M)
Batting: RHB Ryan Fullerton 0-0: Called Strike
0-1: Fielders Choice at 2nd, 6-4 (Groundball, 56)
Aaron Aguirre to third
Batting: RHB Bob Watson 0-0: Called Strike
0-1: Swinging Strike
0-2: Ball
1-2: Strikes out swinging
Top of the 2nd over - 0 run(s), 2 hit(s), 0 error(s), 2 left on base; Michigan State 0 - Northwestern 0
BOTTOM OF THE 2ND
Northwestern Wildcats batting - Pitching for Michigan State Spartans : RHP Adrian Cooper
Batting: SHB Jeff Fuller 0-0: SINGLE (Line Drive, 8RS)
Batting: RHB Steve Collier 0-0: Ball
1-0: Called Strike
1-1: Called Strike
1-2: Foul Ball, location: 2F
1-2: Foul Ball, location: 2F
1-2: Foul Ball, location: 2F
1-2: Foul Ball, location: 2F
1-2: Foul Ball, location: 2F
1-2: Strikes out looking
Batting: RHB Alejandro Amador 0-0: Called Strike
0-1: Swinging Strike
0-2: Ball
1-2: Ball
2-2: Foul Ball, location: 2F
2-2: Strikes out swinging
Batting: LHB Juan Díaz 0-0: Ball
1-0: Called Strike
1-1: Foul Ball, location: 2F
1-2: Foul Ball, location: 2F
1-2: Foul Ball, location: 2F
1-2: Ball
2-2: Ball
3-2: Foul Ball, location: 2F
3-2: Base on Balls
Jeff Fuller to second
Batting: RHB Brandon Sharp 0-0: SINGLE (Groundball, 5D)
Jeff Fuller to third
Juan Díaz to second
Runner from 3rd tries for Home, SAFE, throw made home
Juan Díaz to third
Brandon Sharp to second
Batting: RHB Paul French 0-0: Called Strike
0-1: Ball
1-1: Ball
2-1: Swinging Strike
2-2: SINGLE (Line Drive, 6D)
Juan Díaz scores
Brandon Sharp to third
Runner from 3rd tries for Home, throw and OUT!
Bottom of the 2nd over - 2 run(s), 3 hit(s), 0 error(s), 1 left on base; Michigan State 0 - Northwestern 2
TOP OF THE 3RD
Michigan State Spartans batting - Pitching for Northwestern Wildcats : RHP Harry Robinson
Batting: RHB Chris Marshall 0-0: Ball
1-0: Ball
2-0: Ball
3-0: Base on Balls
Batting: SHB Joe Emery 0-0: Called Strike
0-1: Ball
1-1: Ball
2-1: Called Strike
2-2: Ball
3-2: Foul Ball, location: 2F
3-2: Foul Ball, location: 2F
3-2: SINGLE (Line Drive, 9S)
Chris Marshall to second
Batting: LHB Norberto Garza 0-0: Ball
1-0: Called Strike
1-1: Ball
2-1: Foul Ball, location: 2F
2-2: Foul Ball, location: 2F
2-2: Fly out, F7 (Line Drive, 7LM)
Batting: LHB Cliff Mills 0-0: Called Strike
0-1: Ball
1-1: Foul Ball, location: 2F
1-2: Foul Ball, location: 2F
1-2: Ball
2-2: Strikes out swinging
Batting: LHB Aaron Aguirre 0-0: Swinging Strike
0-1: Swinging Strike
0-2: Foul Ball, location: 2F
0-2: Ball
1-2: Fly out, F7 (Flyball, 7LSF)
Top of the 3rd over - 0 run(s), 1 hit(s), 0 error(s), 2 left on base; Michigan State 0 - Northwestern 2
BOTTOM OF THE 3RD
Northwestern Wildcats batting - Pitching for Michigan State Spartans : RHP Adrian Cooper
Batting: RHB Jim Martin 0-0: Fly out, F9 (Line Drive, 9)
Batting: RHB Lynn Johnson 0-0: Ball
1-0: Foul Ball, location: 2F
1-1: Swinging Strike
1-2: Foul Ball, location: 2F
1-2: SINGLE (Popup, 3S)
Batting: RHB Artie Rivers 0-0: Ball
1-0: Ball
2-0: Ball
3-0: Called Strike
3-1: Base on Balls
Lynn Johnson to second
Batting: SHB Jeff Fuller 0-0: Called Strike
0-1: Called Strike
0-2: Strikes out swinging
Batting: RHB Steve Collier 0-0: Called Strike
0-1: Ball
1-1: Ball
2-1: Foul Ball, location: 2F
2-2: Ball
3-2: Foul Ball, location: 2F
3-2: Foul Ball, location: 2F
3-2: Foul Ball, location: 2F
3-2: Base on Balls
Lynn Johnson to third
Artie Rivers to second
Batting: RHB Alejandro Amador 0-0: GRAND SLAM HOME RUN (Flyball, 78XD), Distance : 379 ft
Batting: LHB Juan Díaz 0-0: Swinging Strike
0-1: Ball
1-1: Ball
2-1: Foul Ball, location: 2F
2-2: Ground out 4-3 (Groundball, 4)
Bottom of the 3rd over - 4 run(s), 2 hit(s), 0 error(s), 0 left on base; Michigan State 0 - Northwestern 6
TOP OF THE 4TH
Michigan State Spartans batting - Pitching for Northwestern Wildcats : RHP Harry Robinson
Batting: LHB Gabriel Estrada 0-0: Ball
1-0: Foul Ball, location: 2F
1-1: Swinging Strike
1-2: Strikes out looking
Batting: LHB Chris Gibson 0-0: Swinging Strike
0-1: Fly out, F7 (Flyball, 7)
Batting: RHB Ryan Fullerton 0-0: Foul Ball, location: 2F
0-1: Foul Ball, location: 2F
0-2: Ball
1-2: Ground out 6-3 (Groundball, 6)
Top of the 4th over - 0 run(s), 0 hit(s), 0 error(s), 0 left on base; Michigan State 0 - Northwestern 6
BOTTOM OF THE 4TH
Northwestern Wildcats batting - Pitching for Michigan State Spartans : RHP Adrian Cooper
Batting: RHB Brandon Sharp 0-0: Ball
1-0: Called Strike
1-1: SINGLE (Groundball, 6MD)
Pitching: LHP Martín Sandoval
Batting: RHB Paul French 0-0: Foul Ball, location: 2F
0-1: Ball
1-1: Ball
2-1: Foul Ball, location: 2F
2-2: Ball
3-2: Foul Ball, location: 2F
3-2: Foul Ball, location: 2F
3-2: Ground out 6-3 (Groundball, 6)
Brandon Sharp to second
Batting: RHB Jim Martin 0-0: Ball
1-0: Called Strike
1-1: Ball
2-1: Ball
3-1: Swinging Strike
3-2: Base on Balls
Batting: RHB Lynn Johnson 0-0: Called Strike
0-1: Fly out, F7 (Flyball, 7)
Batting: RHB Artie Rivers 0-0: Called Strike
0-1: Ball
1-1: Ball
2-1: Ball
3-1: Base on Balls
Brandon Sharp to third
Jim Martin to second
Batting: SHB Jeff Fuller 0-0: Called Strike
0-1: Ball
1-1: Ball
2-1: Called Strike
2-2: Ball
3-2: Base on Balls
Brandon Sharp scores
Jim Martin to third
Artie Rivers to second
Batting: RHB Steve Collier 0-0: Ball
1-0: Called Strike
1-1: Ball
2-1: Foul Ball, location: 2F
2-2: Fly out, F8 (Flyball, 8RS)
Bottom of the 4th over - 1 run(s), 1 hit(s), 0 error(s), 3 left on base; Michigan State 0 - Northwestern 7
TOP OF THE 5TH
Michigan State Spartans batting - Pitching for Northwestern Wildcats : RHP Harry Robinson
Batting: RHB Bob Watson 0-0: Called Strike
0-1: Ball
1-1: Foul Ball, location: 2F
1-2: Ball
2-2: Strikes out looking
Batting: RHB Chris Marshall 0-0: Ball
1-0: Called Strike
1-1: Ball
2-1: Swinging Strike
2-2: Strikes out swinging
Batting: SHB Joe Emery 0-0: Ball
1-0: Called Strike
1-1: Swinging Strike
1-2: Foul Ball, location: 2F
1-2: Strikes out swinging
Top of the 5th over - 0 run(s), 0 hit(s), 0 error(s), 0 left on base; Michigan State 0 - Northwestern 7
BOTTOM OF THE 5TH
Northwestern Wildcats batting - Pitching for Michigan State Spartans : LHP Martín Sandoval
Batting: RHB Alejandro Amador 0-0: Fly out, F9 (Flyball, 9LM)
Batting: LHB Juan Díaz 0-0: Ball
1-0: Ball
2-0: Ball
3-0: Base on Balls
Batting: RHB Brandon Sharp 0-0: Grounds into double play, 6-4-3 (Groundball, 6)
Bottom of the 5th over - 0 run(s), 0 hit(s), 0 error(s), 0 left on base; Michigan State 0 - Northwestern 7
TOP OF THE 6TH
Michigan State Spartans batting - Pitching for Northwestern Wildcats : RHP Harry Robinson
Pitching: LHP François Séguin
Batting: LHB Norberto Garza 0-0: Called Strike
0-1: Swinging Strike
0-2: Ball
1-2: Foul Ball, location: 2F
1-2: Ball
2-2: SOLO HOME RUN (Flyball, 89XD), Distance : 377 ft
Batting: LHB Cliff Mills 0-0: Ball
1-0: Foul Ball, location: 2F
1-1: Foul Ball, location: 2F
1-2: Fly out, F9 (Flyball, 9)
Batting: LHB Aaron Aguirre 0-0: Foul Ball, location: 2F
0-1: Foul Ball, location: 2F
0-2: Ball
1-2: Ball
2-2: Strikes out swinging
Batting: LHB Gabriel Estrada 0-0: Foul Ball, location: 2F
0-1: Ball
1-1: Ball
2-1: Foul Ball, location: 2F
2-2: Strikes out swinging
Top of the 6th over - 1 run(s), 1 hit(s), 0 error(s), 0 left on base; Michigan State 1 - Northwestern 7
BOTTOM OF THE 6TH
Northwestern Wildcats batting - Pitching for Michigan State Spartans : LHP Martín Sandoval
Batting: RHB Paul French 0-0: Called Strike
0-1: DOUBLE (Groundball, 5L)
Batting: RHB Jim Martin 0-0: 2-RUN HOME RUN (Flyball, 7D), Distance : 370 ft
Batting: RHB Lynn Johnson 0-0: Ball
1-0: Ball
2-0: Ball
3-0: Base on Balls
Batting: RHB Artie Rivers 0-0: Called Strike
0-1: Ball
1-1: Grounds into double play, 6-4-3 (Groundball, 6)
Batting: SHB Jeff Fuller 0-0: Ball
1-0: Ball
2-0: Ball
3-0: Base on Balls
Batting: RHB Steve Collier 0-0: Foul Ball, location: 2F
0-1: Swinging Strike
0-2: Strikes out looking
Bottom of the 6th over - 2 run(s), 2 hit(s), 0 error(s), 1 left on base; Michigan State 1 - Northwestern 9
TOP OF THE 7TH
Michigan State Spartans batting - Pitching for Northwestern Wildcats : LHP François Séguin
Batting: LHB Chris Gibson 0-0: Ball
1-0: Foul Ball, location: 2F
1-1: Called Strike
1-2: Foul Ball, location: 2F
1-2: Foul Ball, location: 2F
1-2: Ball
2-2: Ball
3-2: Fly out, F8 (Flyball, 8LM)
Batting: RHB Ryan Fullerton 0-0: Ball
1-0: Fly out, F9 (Flyball, 9LD)
Batting: RHB Bob Watson 0-0: Swinging Strike
0-1: Ball
1-1: SINGLE (Groundball, 4MD)
Batting: RHB Chris Marshall 0-0: Swinging Strike
0-1: Ball
1-1: Called Strike
1-2: Foul Ball, location: 2F
1-2: 2-RUN HOME RUN (Flyball, 78XD), Distance : 374 ft
Batting: SHB Joe Emery 0-0: Ball
1-0: SINGLE (Flyball, 78S)
Pitching: RHP Miguel Gómez
Batting: LHB Norberto Garza 0-0: Ball
1-0: Called Strike
1-1: Ball
Joe Emery steals 2nd base
2-1: Swinging Strike
2-2: Ball
3-2: Fly out, F9 (Flyball, 9LM)
Top of the 7th over - 2 run(s), 3 hit(s), 0 error(s), 1 left on base; Michigan State 3 - Northwestern 9
BOTTOM OF THE 7TH
Northwestern Wildcats batting - Pitching for Michigan State Spartans : LHP Martín Sandoval
Pitching: RHP Brian White
Batting: RHB Alejandro Amador 0-0: Foul Ball, location: 2F
0-1: Foul Ball, location: 2F
0-2: Ball
1-2: Strikes out swinging
Batting: LHB Juan Díaz 0-0: Called Strike
0-1: Ball
1-1: Foul Ball, location: 2F
1-2: Foul Ball, location: 2F
1-2: Foul Ball, location: 2F
1-2: Ball
2-2: Ball
3-2: Base on Balls
Batting: RHB Brandon Sharp 0-0: Ball
1-0: Called Strike
1-1: Called Strike
1-2: Foul Ball, location: 2F
1-2: Ball
2-2: Foul Ball, location: 2F
2-2: Hit by Pitch
Juan Díaz to second
Batting: RHB Paul French 0-0: Ball
1-0: Called Strike
1-1: Foul Ball, location: 2F
1-2: 3-RUN HOME RUN (Flyball, 78XD), Distance : 382 ft
Pitching: LHP Aaron Cole
Batting: RHB Jim Martin 0-0: Swinging Strike
0-1: Ball
1-1: Ball
2-1: Called Strike
2-2: Foul Ball, location: 2F
2-2: Foul Ball, location: 2F
2-2: Strikes out swinging
Batting: RHB Lynn Johnson 0-0: Called Strike
0-1: Ball
1-1: Ball
2-1: Foul Ball, location: 2F
2-2: Fly out, F9 (Flyball, 89M)
Bottom of the 7th over - 3 run(s), 1 hit(s), 0 error(s), 0 left on base; Michigan State 3 - Northwestern 12
TOP OF THE 8TH
Michigan State Spartans batting - Pitching for Northwestern Wildcats : RHP Miguel Gómez
Batting: LHB Cliff Mills 0-0: Ball
1-0: Ball
2-0: Foul Ball, location: 2F
2-1: Ball
3-1: Called Strike
3-2: Base on Balls
Batting: LHB Aaron Aguirre 0-0: Ball
1-0: Foul Ball, location: 2F
1-1: Fly out, F9 (Flyball, 9S)
Batting: LHB Gabriel Estrada 0-0: Ball
1-0: Ball
2-0: Ball
3-0: Base on Balls
Cliff Mills to second
Batting: LHB Chris Gibson 0-0: Ball
1-0: Called Strike
1-1: Fly out, F6 (Line Drive, 6)
Batting: RHB Ryan Fullerton 0-0: SINGLE (Line Drive, 89S)
Cliff Mills to third
Gabriel Estrada to second
Runner from 3rd tries for Home, SAFE, no throw
Batting: RHB Bob Watson 0-0: Fielders Choice at 2nd, 5-4 (Groundball, 56)
Top of the 8th over - 1 run(s), 1 hit(s), 0 error(s), 1 left on base; Michigan State 4 - Northwestern 12
BOTTOM OF THE 8TH
Northwestern Wildcats batting - Pitching for Michigan State Spartans : LHP Aaron Cole
Batting: RHB Artie Rivers 0-0: Ball
1-0: Foul Ball, location: 2F
1-1: Called Strike
1-2: SINGLE (Line Drive, 78S)
Batting: SHB Jeff Fuller 0-0: Fly out, F8 (Flyball, 8LM)
Batting: RHB Steve Collier 0-0: Called Strike
0-1: Ball
Artie Rivers steals 2nd base
1-1: Foul Ball, location: 2F
1-2: SINGLE (Groundball, 34D)
Artie Rivers to third
Batting: RHB Alejandro Amador 0-0: Ball
1-0: Ball
2-0: DOUBLE (Flyball, 78XD)
Artie Rivers scores
Steve Collier to third
Runner from 3rd tries for Home, SAFE, no throw
Batting: LHB Juan Díaz 0-0: Foul Ball, location: 2F
0-1: Foul Ball, location: 2F
0-2: Ball
1-2: Strikes out swinging
Batting: RHB Brandon Sharp 0-0: Ball
1-0: Foul Ball, location: 2F
1-1: Ground out 4-3 (Groundball, 4)
Bottom of the 8th over - 2 run(s), 3 hit(s), 0 error(s), 1 left on base; Michigan State 4 - Northwestern 14
TOP OF THE 9TH
Michigan State Spartans batting - Pitching for Northwestern Wildcats : RHP Miguel Gómez
Batting: RHB Chris Marshall 0-0: SINGLE (Groundball, 15S) (infield hit)
Batting: SHB Joe Emery 0-0: DOUBLE (Line Drive, 9LM)
Chris Marshall to third
Batting: LHB Norberto Garza 0-0: Ball
1-0: Foul Ball, location: 2F
1-1: Foul Ball, location: 2F
1-2: Ball
2-2: Strikes out swinging
Batting: LHB Cliff Mills 0-0: Ball
1-0: Called Strike
1-1: Called Strike
1-2: Ball
2-2: Foul Ball, location: 2F
2-2: Strikes out looking
Batting: LHB Aaron Aguirre 0-0: Fly out, F8 (Flyball, 78M)
Top of the 9th over - 0 run(s), 2 hit(s), 0 error(s), 2 left on base; Michigan State 4 - Northwestern 14
Tuesday, August 8th, 2017 - OOTP Baseball 17.12 Build 75